Map: Cyber Forest LE

Players

MaSa - Winner!

  • Race: Terran Terran
  • League: Master
  • Spawn Location: 5:00

Cham

  • Race: Zerg Zerg
  • League: Master
  • Spawn Location: 11:00

Event: 2019 WCS Winter Americas

VOD

Have the link to the VOD?

Description

Time

  • Played on: April 6, 2019, 1:08 p.m.
  • Length: 7:10

All games in this series

Show
View Real Time Build Order
Export as new Build Order

MaSa Terran - Winner!

Build Orders:  

Get SALT Encoding   

  12  0:00  SCV  
  13  0:13  SCV  
  14  0:17  Supply Depot  
  14  0:25  SCV  
  15  0:38  SCV  
  15  0:40  Barracks  
  16  0:43  Refinery  
  16  0:50  SCV  
  17  1:02  SCV  
  18  1:14  SCV  
  19  1:26  Barracks Reactor  
  19  1:27  Orbital Command  
  19  1:40  Command Center  
  19  1:47  Supply Depot  
  19  1:52  SCV  
  20  2:02  Marine x2  
  20  2:04  SCV  
  23  2:10  Factory  
  23  2:20  SCV, Marine x2  
  26  2:30  Refinery  
  26  2:36  SCV  
  27  2:37  Marine  
  27  2:38  Marine  
  29  2:52  Orbital Command  
  29  3:00  SCV  
  30  3:07  Starport  
  30  3:09  Hellion x2, Barracks Tech Lab  
  30  3:12  SCV  
  35  3:19  SCV  
  34  3:28  SCV, Stimpack, Marine  
  36  3:38  Barracks  
  36  3:39  Factory Reactor  
  36  3:40  SCV  
  37  3:44  Barracks  
  37  3:48  Viking  
  37  3:50  SCV  
  40  3:56  Supply Depot  
  40  3:57  SCV  
  40  4:02  SCV  
  42  4:09  SCV  
  43  4:10  Engineering Bay  
  43  4:12  Supply Depot  
  43  4:13  Marine  
  44  4:19  Starport Reactor  
  44  4:20  SCV  
  44  4:23  Supply Depot  
  45  4:25  Factory Tech Lab  
  45  4:28  SCV  
  46  4:32  Marine x3  
  46  4:33  Marine  
  46  4:34  Marine  
  46  4:36  SCV  
  52  4:41  Refinery  
  52  4:42  Terran Infantry Weapons Level 1  
  52  4:45  SCV  
  53  4:48  SCV  
  53  4:50  Marine  
  53  4:52  Marine x2  
  55  4:57  SCV  
  55  4:59  Siege Tank  
  61  5:00  SCV  
  61  5:01  Marine  
  61  5:02  Marine  
  64  5:08  Medivac, Marine  
  64  5:09  SCV  
  64  5:10  Supply Depot  
  68  5:14  Medivac  
  70  5:25  Supply Depot  
  70  5:28  Combat Shield  
  70  5:32  SCV x2, Marine x4  
  76  5:37  Marine  
  77  5:44  SCV  
  77  5:47  SCV, Supply Depot  
  77  5:49  Marine  
  79  5:51  Supply Depot  
  79  5:52  Supply Depot  
  79  5:56  SCV, Marine x3  
  84  6:08  Siege Tank  
  87  6:13  Marine  
  87  6:14  Marine x4  
  87  6:18  SCV  
  93  6:19  SCV  
  91  6:26  Barracks x2  
  91  6:30  SCV  
  91  6:31  Marine x2  
  91  6:32  Marine x3  
  90  6:44  SCV  
  90  6:45  SCV  
  83  6:49  Marine x4  
  83  6:50  Marine  
Show
View Real Time Build Order
Export as new Build Order

Cham Zerg 

Build Orders: Pool First 

Get SALT Encoding   

  12  0:00  Drone  
  13  0:08  Drone  
  14  0:16  Overlord  
  14  0:34  Drone  
  14  0:35  Drone  
  16  0:40  Spawning Pool  
  15  0:44  Drone  
  16  0:52  Drone  
  17  0:59  Drone  
  18  1:14  Hatchery  
  17  1:19  Extractor  
  16  1:26  Zergling x4  
  16  1:29  Zergling x2  
  16  1:32  Queen  
  21  1:41  Drone  
  22  2:01  Overlord  
  22  2:21  Drone x2  
  24  2:24  Drone  
  24  2:29  Drone  
  26  2:31  Queen  
  26  2:34  Metabolic Boost  
  28  2:40  Drone x2  
  30  2:44  Queen  
  32  2:55  Hatchery  
  32  2:57  Drone  
  31  3:02  Drone x2  
  32  3:09  Drone x3  
  35  3:14  Overlord  
  35  3:20  Drone  
  35  3:22  Overlord  
  36  3:32  Overlord, Queen  
  38  3:35  Drone  
  38  3:36  Drone x2  
  38  3:40  Overlord  
  41  3:42  Drone  
  41  3:46  Drone x2  
  44  3:53  Drone  
  44  3:54  Queen  
  47  4:00  Zergling x4  
  47  4:02  Zergling x2  
  50  4:03  Zergling x2  
  50  4:04  Zergling x2  
  50  4:06  Zergling x4  
  54  4:15  Queen x2  
  58  4:20  Overlord  
  58  4:30  Overlord  
  58  4:32  Overlord  
  58  4:41  Drone  
  58  4:42  Drone x6  
  58  4:44  Overlord  
  58  4:45  Drone  
  66  4:51  Overlord x2  
  66  4:52  Drone  
  67  4:54  Queen  
  67  4:58  Drone  
  70  5:00  Drone x2  
  70  5:04  Lair  
  70  5:05  Drone  
  73  5:10  Drone x4  
  73  5:12  Drone  
  78  5:17  Baneling Nest  
  78  5:20  Extractor  
  78  5:21  Drone x4  
  79  5:27  Drone  
  81  5:30  Drone  
  81  5:34  Overlord, Hatchery, Drone  
  82  5:41  Extractor  
  81  5:43  Evolution Chamber, Drone x3  
  81  5:46  Evolution Chamber, Overlord  
  81  5:47  Extractor  
  81  5:48  Extractor  
  81  5:49  Drone  
  81  5:50  Drone  
  81  5:52  Drone x2  
  81  5:54  Drone x2  
  81  5:55  Drone  
  86  5:58  Zergling x4  
  86  6:03  Baneling x5  
  86  6:04  Baneling, Zergling x2  
  88  6:08  Zergling x2  
  88  6:09  Zergling x4  
  90  6:13  Zergling x2  
  90  6:17  Zergling x2  
  90  6:18  Zergling x4  
  90  6:19  Zergling x4  
  90  6:24  Zergling x2  
  92  6:29  Zergling x4  
  94  6:39  Zergling x10  
  86  6:41  Zergling x6  
  86  6:42  Zergling x6  
  86  6:46  Baneling x2  
  87  6:49  Zergling x2  
  87  6:51  Zergling x4  
Tags
 
Add a new tag
Caveats
  • Supply blocks, unpowered buildings, or Contaminate may cause inaccurate times.
  • Supply counts are checked every 10 seconds.